 Dungeon Crawl Stone Soup version 0.17.2-1-ge4368a0 (webtiles) character file.

71 Goblin1989 the Ruffian (level 4, 0/40 HPs)
             Began as a Troll Transmuter on Dec 20, 2016.
             Was an Initiate of Okawaru.
             Slain by a gnoll
             ... wielding a +2 spear of piercing
              (1 damage)
             ... on level 3 of the Dungeon.
             The game lasted 00:09:09 (1218 turns).

Goblin1989 the Ruffian (Troll Transmuter)           Turns: 1218, Time: 00:09:10

Health: 0/40       AC:  5    Str: 21    XL:     4   Next: 5%
Magic:  4/4        EV: 10    Int:  9    God:    Okawaru [......]
Gold:   77         SH:  0    Dex: 11    Spells: 1 memorised, 4 levels left

rFire  . . .     SeeInvis .       - Unarmed
rCold  . . .     Clarity  .     b - +0 robe
rNeg   . . .     SustAt   .     (no shield)
rPois  .         Gourm    +     (helmet restricted)
rElec  .         Spirit   .     (no cloak)
rCorr  .         Warding  .     (gloves unavailable)
rMut   .         Stasis   .     (boots unavailable)
MR     .....                    (no amulet)
Stlth  +.........               (no ring)
                                t - +3 ring of strength

@: not resistant to hostile enchantments, very unstealthy
A: unfitting armour, claws 3, fast metabolism 3, gourmand, regeneration 2,
shaggy fur 1, tough skin 2
a: Renounce Religion


You were on level 3 of the Dungeon.
You worshipped Okawaru.
Okawaru was noncommittal.
You were full.

You visited 1 branch of the dungeon, and saw 3 of its levels.

You collected 77 gold pieces.

Inventory:

Missiles
 a - 12 arrows
Armour
 b - a +0 robe (worn)
Jewellery
 t - a +3 ring of strength (left claw)
Wands
 C - a wand of confusion (5)
Scrolls
 i - a scroll of teleportation {unknown}
 k - a scroll of identify {unknown}
 m - a scroll of enchant weapon {unknown}
 q - a scroll of remove curse {unknown}
 s - a scroll of immolation {unknown}
Potions
 h - a potion of degeneration {unknown}
 j - a potion of heal wounds {unknown}
 o - a potion of curing {unknown}
 p - a potion of agility {unknown}
 r - 2 potions of brilliance {unknown}
Books
 c - a book of Changes

   Spells                             Type                      Level
   a - Beastly Appendage              Transmutation                1
   b - Sticks to Snakes               Transmutation                2
   c - Spider Form                    Transmutation/Poison         3
   d - Ice Form                       Ice/Transmutation            4
   e - Blade Hands                    Transmutation                5
 l - a book of the Tempests

   Spells                             Type                      Level
   a - Static Discharge               Conjuration/Air              3
   b - Lightning Bolt                 Conjuration/Air              5
   c - Fireball                       Conjuration/Fire             5
   d - Tornado                        Air                          9
   e - Shatter                        Earth                        9
Comestibles
 d - 2 beef jerkies
 e - 3 bread rations {@e1}
 f - 2 royal jellies
 g - a fruit
 n - 2 meat rations {@e2}


   Skills:
 - Level 0.7 Fighting
 - Level 1.5 Dodging
 + Level 4.9 Unarmed Combat
 - Level 1.2 Spellcasting
 - Level 1.3 Transmutations


You had 4 spell levels left.
You knew the following spells:

 Your Spells              Type           Power        Failure   Level  Hunger
a - Beastly Appendage     Trmt           #.....       21%         1    ##.....


Dungeon Overview and Level Annotations

Branches:
Dungeon (3/15)

Altars:
Okawaru
Trog


Innate Abilities, Weirdness & Mutations

You are too large for most types of armour.
You have claws for hands.
Your metabolism is lightning-fast.
You like to eat raw meat.
You heal very quickly.
You are covered in fur (AC +1).
You have very tough skin (AC +2).


Message History

You regained 4 hp, and now have 17/40 hp.
MP restored: 4 The gnoll hits you with a spear of piercing!
* * * LOW HITPOINT WARNING * * *
x2
Things that are here:
a spear; a gnoll corpse You take 8 damage, and have 9/40 hp.
You scratch the gnoll.
The gnoll is moderately wounded.
The gnoll barely misses you.
You scratch the gnoll.
The gnoll is almost dead.
The gnoll hits you with a spear of piercing!
* * * LOW HITPOINT WARNING * * *
x2 You take 9 damage, and have 1/40 hp.
MASSIVE DAMAGE!!
You scratch the gnoll but do no damage.
The gnoll is almost dead.
The gnoll hits you with a spear of piercing.
* * * LOW HITPOINT WARNING * * *
You die... ████████ █████

█......█ █...█ █...█..█ █...█
█..█⌂█.███
█...█████████████████...█.....
█...........)@g..........g..██
█..[█████████████████████████
█...█ █...████ █......█
█...██.█ ██████.████ █....█
████.█


You could see a gnoll.

Vanquished Creatures
  3 gnolls (D:3)
  3 oozes
  A worm (D:2)
  A goblin (D:3)
  6 hobgoblins (D:2)
  2 quokkas
  4 bats
  A giant cockroach (D:2)
  2 giant geckos
  3 kobolds (D:1)
  3 rats
29 creatures vanquished.

Notes
Turn   | Place    | Note
--------------------------------------------------------------
     0 | D:1      | Goblin1989 the Troll Transmuter began the quest for the Orb.
     0 | D:1      | Reached XP level 1. HP: 18/18 MP: 1/1
   163 | D:1      | Reached XP level 2. HP: 23/26 MP: 2/2
   210 | D:1      | You fall through a shaft!
   340 | D:2      | Found an iron altar of Okawaru.
   353 | D:2      | Became a worshipper of Warmaster Okawaru
   402 | D:2      | Reached skill level 4 in Unarmed Combat
   518 | D:2      | Found a bloodstained altar of Trog.
   527 | D:2      | Reached XP level 3. HP: 27/32 MP: 3/3
  1146 | D:3      | Found a faded altar to an unknown god.
  1214 | D:3      | Reached XP level 4. HP: 16/40 MP: 4/4
  1217 | D:3      | HP: 1/40 [gnoll/spear of piercing (2)]
  1218 | D:3      | Slain by a gnoll

Action                   |  1- 3 |  4- 6 || total
-------------------------+-------+-------++-------
Melee: Unarmed           |    91 |     3 ||    94
 Stab: Sleeping          |     1 |       ||     1
  Eat: Chunk             |    14 |       ||    14

Vault maps used:
D:1:      eino_arrival_water_cross, nemelex_deck
D:2:      bloody_trog, okawaru_metal_pillars_3
D:3:      first_bread, ecumenical_altar_1, minivault_4, uniq_sigmund
